 Dungeon Crawl Stone Soup version 0.29.0-4-gdea44cf6ec (webtiles) character file.

Game seed: 12888464098969589413

39 qw the Chopper (level 3, 0/21 HPs)
             Began as a Tengu Warper on Aug 28, 2022.
             Succumbed to their own poison gas
             ... on level 1 of the Dungeon.
             The game lasted 00:00:06 (1549 turns).

qw the Chopper (Tengu Warper)                       Turns: 1549, Time: 00:00:07

Health: 0/21       AC:  6    Str: 13    XL:     3   Next: 45%
Magic:  7/7        EV:  9    Int: 13    God:
Gold:   45         SH:  0    Dex: 13    Spells: 6/6 levels left

rFire   . . .      SeeInvis .   Y - +0 hand axe
rCold   . . .      Faith    .   (no shield)
rNeg    . . .      Spirit   .   g - +0 scale mail
rPois   .          Reflect  .   (helmet restricted)
rElec   .          Harm     .   (no cloak)
rCorr   .          Rampage  .   (no gloves)
Will    .....                   (boots unavailable)
Stlth   ..........              (no amulet)
HPRegen 0.07/turn               (no ring)
MPRegen 0.10/turn               (no ring)

@: lethally poisoned (0 -> -7)
A: beak, talons 3
a: no special abilities


You were on level 1 of the Dungeon.
You visited 1 branch of the dungeon, and saw 1 of its levels.

You collected 45 gold pieces.


Innate Abilities, Weirdness & Mutations

You have a beak for a mouth.
You have claws for feet.


   Skills:
 - Level 2.0 Fighting
 + Level 4.1 Axes
 - Level 1.0 Throwing
 - Level 1.1 Armour
 - Level 2.1 Dodging
 - Level 2.0 Spellcasting
 - Level 2.4 Translocations


You had 6 spell levels left.
You didn't know any spells.
Your spell library contained the following spells:

 Spells                   Type           Power      Damage    Failure   Level
 Blink                    Tloc           14%        N/A       56%         2
 Gell's Gravitas          Tloc           7%         N/A       80%         3
 Lesser Beckoning         Tloc           7%         N/A       80%         3
 Teleport Other           Tloc           7%         N/A       80%         3
 Manifold Assault         Tloc           7%         N/A       100%        5

Inventory:

Hand Weapons
 l - a +0 flail
 Y - a +0 hand axe (weapon)
Armour
 g - a +0 scale mail (worn)
Potions
 d - a potion of cancellation {unknown}
 f - a potion of berserk rage {unknown}
 i - a potion of magic {unknown}
 j - a potion of degeneration {unknown}

Dungeon Overview and Level Annotations

Branches:
Dungeon (1/15)

Altars:


Message History

You start removing your armour.
You continue taking off your +0 leather armour. x4
You finish taking off your +0 leather armour.
You start putting on your armour.
You continue putting on your +0 scale mail. x5
You finish putting on your +0 scale mail.
1427 ||| DROPPING +0 leather armour.
You drop a +0 leather armour.
Done exploring.
1428 ||| READING scroll labelled OLOSCH NANKOTU.
As you read the scroll labelled OLOSCH NANKOTU, it crumbles to dust.
Your body is wracked with pain!
It was a scroll of torment.
You start resting.
HP restored.
Done exploring.
1543 ||| READING scroll labelled HAPPEA MEMEI.
The air fills with toxic fumes!
As you read the scroll labelled HAPPEA MEMEI, it crumbles to dust.
It was a scroll of poison.
Done exploring.
1544 ||| DROPPING scroll of blinking.
You drop a scroll of blinking.
Done exploring.
(D) Dungeon
Where to? (* - list waypoints, ? - help)
What level of the Dungeon? (default 1, ? - help) Sorry, I don't know how to get there.
Done exploring.
1545 ||| Stepping randomly (stuck).
Really walk into that cloud of poison gas?
You are engulfed in poison gas.
You are poisoned.
You feel very sick.
1546 ||| Stepping ~*~*~tactically~*~*~ (cloud).
You feel very sick.
Things that are here:
a scroll of blinking; a +0 leather armour
There is a lethal amount of poison in your body!
You feel very sick.
There is a lethal amount of poison in your body!
You feel sick.
There is a lethal amount of poison in your body!
You die...

#########
##########.......#
#¤##..............
#¤##.#####.##.....
#¤##.)......#.##..
#¤##.######.#.##..
#0##.# #.#.##..
#¤##.# #.#.....
#@##.######.#>....
#¤¤..............^
#0¤¤......#.#.####
#¤#########.......
#¤# #....#.#.####
#¤# #....#...)...
#¤# #..........##
#.# #.....##.####
#.####............


There were no monsters in sight!

Vanquished Creatures
  A gnoll (D:1)
  3 bats (D:1)
  6 endoplasms (D:1)
  A hobgoblin (D:1)
  A quokka (D:1)
  3 ball pythons (D:1)
  A frilled lizard (D:1)
  5 goblins (D:1)
  5 kobolds (D:1)
  A rat (D:1)
27 creatures vanquished.

Notes
Turn   | Place    | Note
-------+----------+-------------------------------------------
     0 | D:1      | qw the Tengu Warper began the quest for the Orb.
     0 | D:1      | Reached XP level 1. HP: 12/12 MP: 4/4
     0 | D:1      | 0 ||| qw: Version: 0.1-a-89-g26bdef1
     0 | D:1      | 0 ||| qw: Game counter: 1512
     0 | D:1      | 0 ||| qw: Always use a shield: true
     0 | D:1      | 0 ||| qw: God list: Okawaru
     0 | D:1      | 0 ||| qw: Allow faded altars: false
     0 | D:1      | 0 ||| qw: Do Orc after D:15 true
     0 | D:1      | 0 ||| qw: Do second Lair branch before Depths: true
     0 | D:1      | 0 ||| qw: Lair rune preference: random
     0 | D:1      | 0 ||| qw: Plans: Normal
     0 | D:1      | 0 ||| PLANNING D:1-11
   144 | D:1      | 144 ||| Stepping ~*~*~tactically~*~*~ (stealth).
   237 | D:1      | Reached XP level 2. HP: 17/17 MP: 6/6
   253 | D:1      | Reached skill level 3 in Axes
   558 | D:1      | 558 ||| Stepping ~*~*~tactically~*~*~ (stealth).
   559 | D:1      | 559 ||| Stepping ~*~*~tactically~*~*~ (stealth).
   568 | D:1      | 568 ||| Stepping ~*~*~tactically~*~*~ (stealth).
   600 | D:1      | Reached XP level 3. HP: 13/21 MP: 7/7
  1159 | D:1      | Reached skill level 4 in Axes
  1374 | D:1      | 1374 ||| DROPPING +0 whip.
  1417 | D:1      | 1417 ||| UPGRADING to +0 scale mail.
  1427 | D:1      | 1427 ||| DROPPING +0 leather armour.
  1428 | D:1      | 1428 ||| READING scroll labelled OLOSCH NANKOTU.
  1543 | D:1      | 1543 ||| READING scroll labelled HAPPEA MEMEI.
  1544 | D:1      | 1544 ||| DROPPING scroll of blinking.
  1545 | D:1      | 1545 ||| Stepping randomly (stuck).
  1546 | D:1      | 1546 ||| Stepping ~*~*~tactically~*~*~ (cloud).
  1547 | D:1      | HP: 3/21 [poisoned by you (poison gas)]
  1548 | D:1      | HP: 1/21 [poisoned by you (poison gas)]
  1549 | D:1      | Succumbed to their own poison gas

Levels and vault maps discovered:
D:1:      dpeg_arrival_renting, layout_basic

Skill      XL: |  1  2  3 |
---------------+----------+-----
Axes           | 3 4 |  4.1
Fighting       | |  2.0
Throwing       | |  1.0
Armour         | |  1.1
Dodging        | |  2.1
Spellcasting   | |  2.0
Translocations | |  2.4

Action                   || total
-------------------------++-------
Melee: Hand axe          ||    53
       Kick              ||    12
       Peck              ||     9
Throw: Boomerang         ||     7
  Use: Scroll            ||     2
Armor: Leather armour    ||    20
Dodge: Dodged            ||    23

Table legend:
 A = Non-vault XP
 B = Vault XP
 C = Vault XP percentage of total XP
 D = Non-vault monster count
 E = Vault monster count
 F = Vault count percentage of total count
                 A         B        C        D         E       F
            +---------+---------+-------+---------+---------+-------
      Total |      56 |       0 |   0.0 |      27 |       0 |   0.0
            +---------+---------+-------+---------+---------+-------
        D:1 |      56 |       0 |   0.0 |      27 |       0 |   0.0
            +---------+---------+-------+---------+---------+-------
